AoeStats
← RedPhosphoru

Arabian Desert

509999067Analyzed
1v1 RM · 2d ago on Sep 29, 2026· 35m 30s· 2 players
Game mode
Random Map
Map size
Tiny (2 player)
Population
200
Speed
Normal
Resources
Standard
Victory
Conquest
Starting age
Dark Age
Ending age
Imperial Age
RankedLock teamsTeams togetherTeam positionsShared explorationLock speedFull tech treeHidden civsTurbo modeCheats
Victory
Defeat
🇺🇸 Tupi · United States
2303
+15
🇲🇦 Mongols · Morocco
2291
-15
HaraKiri
2:48 Loom
10:46 Feudal Age
14:52 Castle Age
15:46 Double-Bit Axe
16:57 Town Watch
27:38 Fletching
30:34 Ballistics
35:10 Bodkin Arrow
RedPhosphoru
4:49 Loom
10:11 Feudal Age
14:27 Castle Age
14:23 Double-Bit Axe
17:15 Fletching
19:04 Bodkin Arrow
22:44 Sanctity
23:43 Redemption
32:21 Imperial Age
32:48 Padded Archer Armor
33:27 Bracer
35:27 Gold Mining
36:20 Bow Saw
Connection lost

Rejoining the realm…

Still unreachable

The connection could not be restored.

Session expired

The server has moved on; the page needs a fresh start.